 Dungeon Crawl Stone Soup version 0.30-a0-165-g1891117ce2 (webtiles) character file.

Game seed: 6432584252749150524

2580 Sobieck the Cleaver (level 9, -12/77 HPs)
             Began as a Palentonga Fighter on Sept 28, 2022.
             Was an Elder of Uskayaw.
             Mangled by a komodo dragon (13 damage)
             ... on level 8 of the Dungeon.
             The game lasted 00:14:01 (5658 turns).

Sobieck the Cleaver (Palentonga Fighter)            Turns: 5658, Time: 00:14:02

Health: -12/77     AC: 26    Str: 27    XL:     9   Next: 32%
Magic:  12/12      EV:  7    Int: 13    God:    Uskayaw [****..]
Gold:   682        SH:  4    Dex: 10    Spells: 8/8 levels left

rFire   + . .      SeeInvis +    a - +0 broad axe {axe}
rCold   . . .      Faith    .    c - +0 buckler
rNeg    . . .      Spirit   .    C - +5 scale mail of Miafofes {rF+ Str+2 Int+4}
rPois   .          Reflect  .    o - +2 helmet
rElec   .          Harm     .    (no cloak)
rCorr   .          Rampage  .    (no gloves)
Will    +....                    (no barding)
Stlth   ..........               (no amulet)
HPRegen 0.22/turn                N - +4 ring of protection
MPRegen 0.13/turn                X - ring of willpower

@: mighty, curled up
A: large, rugged brown scales 3, see invisible, deformed body, roll 1, armoured
tail, reflexive curl
a: Rolling Charge, Renounce Religion, Stomp, Line Pass


You were on level 8 of the Dungeon.
You worshipped Uskayaw.
Uskayaw was noncommittal.
You visited 2 branches of the dungeon, and saw 9 of its levels.

You collected 854 gold pieces.
You spent 172 gold pieces at shops.


Innate Abilities, Weirdness & Mutations

You are completely covered in rugged brown scales. (AC +3, +7% HP)
You have supernaturally acute eyesight. (SInv)
Armour fits poorly on your strangely shaped body.
You can roll at nearby foes to attack.
You have a long armoured tail.
You curl defensively after being hit. (AC +7*)


   Skills:
 + Level 7.1 Fighting
 + Level 8.9 Axes
 + Level 4.0 Armour
 + Level 4.4 Shields
 + Level 4.0 Invocations


You had 8 spell levels left.
You didn't know any spells.
Your spell library contained the following spells:

 Spells                   Type           Power      Damage    Failure   Level
 Sandblast                Erth           0%         2d4       63%         1
 Sting                    Tmut/Pois      0%         1d3       63%         1
 Summon Small Mammal      Summ           0%         N/A       63%         1
 Passwall                 Tmut/Erth      0%         N/A       77%         2
 Poisonous Vapours        Pois/Air       0%         N/A       77%         2
 Sublimation of Blood     Necr           0%         N/A       77%         2
 Wereblood                Tmut           0%         N/A       77%         2
 Call Canine Familiar     Summ           0%         N/A       94%         3
 Stone Arrow              Conj/Erth      0%         3d7       94%         3
 Summon Guardian Golem    Hex/Summ       0%         N/A       94%         3
 Olgreb's Toxic Radiance  Pois           0%         N/A       100%        4
 Freezing Cloud           Conj/Ice/Air   0%         6-21      100%        5
 Simulacrum               Ice/Necr       0%         N/A       100%        6
 Summon Hydra             Summ           0%         N/A       100%        7
 Polar Vortex             Ice            0%         N/A       100%        9

Inventory:

Hand Weapons
 a - a +0 broad axe (weapon) {axe}
   (You found it on level 7 of the Dungeon)
 j - a +0 vampiric dagger {short}
   (You took it off an orc wizard on level 4 of the Dungeon)
 q - a +2 war axe {axe}
 H - a +0 morningstar {mace}
   (You took it off an orc on level 4 of the Dungeon)
 J - a +0 short sword of draining {short}
   (You took it off a kobold on level 4 of the Dungeon)
 T - a +6 flail of protection {mace}
   (You took it off Edmund on level 5 of the Dungeon)
Missiles
 f - 13 poisoned darts {throwing}
 m - 74 stones {throwing}
 y - 5 boomerangs {throwing}
 I - a throwing net {=f!fthrowing}
Armour
 c - a +0 buckler (worn)
 g - a +0 ring mail
   (You took it off an orc on level 8 of the Dungeon)
 i - a +0 leather armour
   (You found it on level 1 of the Dungeon)
 o - a +2 helmet (worn)
   (You found it on level 1 of the Dungeon)
 r - a +0 leather armour
   (You took it off an orc on level 4 of the Dungeon)
 z - a +0 leather armour
   (You found it on level 3 of the Dungeon)
 A - a +0 ring mail
   (You took it off an orc on level 8 of the Dungeon)
 B - a +0 ring mail
   (You took it off an orc on level 3 of the Dungeon)
 C - the +5 scale mail of Miafofes (worn) {rF+ Str+2 Int+4}
   (You found it on level 3 of the Dungeon)

   Str:       It affects your strength (+2).
   Int:       It affects your intelligence (+4).
   rF:        It protects you from fire.
 D - a +0 ring mail
   (You took it off Ijyb on level 3 of the Dungeon)
 M - a +0 leather armour
   (You found it on level 4 of the Dungeon)
 O - a +0 leather armour
   (You found it on level 4 of the Dungeon)
 P - a +0 scale mail
   (You took it off an orc on level 5 of the Dungeon)
 Q - a +0 chain mail
   (You took it off an orc on level 5 of the Dungeon)
 R - a +0 ring mail
   (You took it off an orc on level 5 of the Dungeon)
 S - a +0 robe
   (You found it on level 5 of the Dungeon)
 U - a +0 scale mail
   (You took it off Edmund on level 5 of the Dungeon)
 W - a +0 leather armour
   (You found it on level 5 of the Dungeon)
 Y - a +0 ring mail
   (You found it on level 7 of the Dungeon)
 Z - a +0 robe
   (You found it on level 6 of the Dungeon)
Jewellery
 s - a ring of wizardry
   (You found it on level 2 of the Dungeon)
 L - a ring of willpower
   (You found it on level 4 of the Dungeon)
 N - a +4 ring of protection (left hand)
   (You found it on level 4 of the Dungeon)
 X - a ring of willpower (right hand)
   (You found it on level 5 of the Dungeon)
Wands
 x - a wand of roots (27)
   (You found it on level 2 of the Dungeon)
 E - a wand of flame (46)
   (You took it off Ijyb on level 3 of the Dungeon)
 F - a wand of mindburst (13)
   (You found it on level 3 of the Dungeon)
Scrolls
 b - a scroll of enchant armour
 h - 3 scrolls of butterflies
 l - 2 scrolls of fear
 n - 11 scrolls of teleportation {@r4}
 p - a scroll of magic mapping {!r}
 K - 3 scrolls of summoning
Potions
 d - 2 potions of might
 e - 2 potions of curing {@q1}
 k - a potion of haste {@q3}
 t - a potion of mutation {!q}
 u - 2 potions of brilliance
 v - a potion of lignification {!q}
 w - 4 potions of resistance
 G - 4 potions of invisibility
 V - a potion of attraction {!q}

Dungeon Overview and Level Annotations

Branches:
Dungeon (8/15) Zot: 26761  Temple (1/1) D:5 Zot: 5974    Lair (0/5) D:8

Altars:
Ashenzari
Cheibriados
Dithmenos
Elyvilon
Fedhas
Hepliaklqana
Kikubaaqudgha
Makhleb
Nemelex Xobeh
Okawaru
Qazlal
Sif Muna
Uskayaw
Wu Jian
Xom
Yredelemnul
Zin
The Shining One

Shops:
D:1 (   D:2 *   D:4 *

Annotations:
D:4 2 transporters
D:5 2 transporters, 1 runed translucent door, Crazy Yiuf

.. #.##.......
..P...PP.## #.##.......
P>..P....# #..'.......
..P.S...P### ####.......
P..........# #.......
...P.PP....# #.......
.P.......(.######.......
...P..l.>..#..........##
.......@...#..........#
...P$......#..........#
...P.......#..........#
.....P....†#..........#
......................#
.)##.......#..........#
. ######..(.......# ##
#..........# #.
#..........# #.


You could see a komodo dragon and a water moccasin.


Message History

You slice the bullfrog!!
You kill the bullfrog!
No target in view!
Unknown command.
You see here a bullfrog corpse.
Things that are here:
a +0 short sword {short}; a +0 leather armour; an orc corpse
m - 74 stones {throwing} (gained 6)
w - 4 potions of resistance (gained 1)
You open the door.
There is an open door here.
A scorpion comes into view.
Danger!
You roll forward with a clatter of scales!
A water moccasin and a bullfrog come into view.
Found 12 gold pieces and 5 stones.
Found a stone staircase leading down.
The water moccasin hisses angrily.
The bullfrog croaks.
You slash the scorpion! You block the scorpion's attack.
The scorpion stings you but does no damage.
You barely miss the scorpion. You block the scorpion's attack.
You closely miss the scorpion.
Your tail-slap misses the scorpion.
The scorpion stings you but does no damage.
The bullfrog hits you.
You closely miss the scorpion. You tail-slap the scorpion.
You kill the scorpion!
You hit the bullfrog but do no damage.
The bullfrog hits you but does no damage. x2
You can now pass through a line of other dancers.
You slice the water moccasin!! You hit the bullfrog but do no damage.
The water moccasin bites you but does no damage.
The bullfrog barely misses you. You block the water moccasin's attack.
You closely miss the water moccasin. You completely miss the bullfrog.
The bullfrog hits you but does no damage.
The water moccasin bites you.
You are poisoned.
The water moccasin poisons you! The bullfrog closely misses you.
The water moccasin barely misses you.
You hit the water moccasin.
Your tail-slap misses the water moccasin.
You slash the bullfrog!
You feel very sick. The bullfrog completely misses you.
The water moccasin bites you but does no damage.
You block the bullfrog's attack.
Uskayaw will force your foes to helplessly watch your dance.
Uskayaw prepares the audience for your solo!
The helpless water moccasin fails to defend itself.
You slash the water moccasin!
You kill the water moccasin!
The helpless bullfrog fails to defend itself.
You hit the bullfrog.
You feel sick.
A komodo dragon comes into view.
The komodo dragon moves out of view.
The helpless bullfrog fails to defend itself.
You hit the bullfrog. You tail-slap the bullfrog.
You kill the bullfrog!
You feel sick.
Uskayaw will force your foes to share their pain.
Your Armour skill increases to level 4!
Your Invocations skill increases to level 4!
Unknown command.
You feel sick.
You see here a scorpion corpse.
You feel sick.
You roll forward with a clatter of scales!
Found a glowing short sword.
Found a staircase to the Lair.
You hit the komodo dragon but do no damage.
You hit the plant.
The plant begins to die.
You feel sick. The komodo dragon bites you!
You are too injured to fight recklessly!
You are too injured to fight recklessly!
Unknown command.
You hit the komodo dragon but do no damage.
You slash the plant!
You feel sick.
You are no longer poisoned.
You block the komodo dragon's attack. The komodo dragon bites you!!
* * * LOW HITPOINT WARNING * * *
Uskayaw will no longer force your foes to share their pain.
Unknown command.
You slice the komodo dragon!! You hit the plant.
You block the komodo dragon's attack.
Uskayaw will force your foes to share their pain.
Unknown command.
You closely miss the komodo dragon. You slash the plant!
A nearby plant withers and dies.
The komodo dragon bites you!
* * * LOW HITPOINT WARNING * * *
Unknown command.
You hit the komodo dragon but do no damage.
The komodo dragon bites you!
* * * LOW HITPOINT WARNING * * *
A water moccasin comes into view.
Unknown command.
You barely miss the komodo dragon.
The water moccasin hisses angrily.
You tail-slap the komodo dragon. The komodo dragon bites you!
* * * LOW HITPOINT WARNING * * *
Unknown command.
You feel very mighty all of a sudden. The komodo dragon bites you!
You die...

Skill      XL: |  1  2  3  4  5  6  7  8  9 |
---------------+----------------------------+-----
Axes           | 3 4 5 8 |  8.9
Fighting       | 4 5 6 7 |  7.1
Invocations    | 3 4 |  4.0
Shields        | 4 |  4.4
Armour         | 3 4 |  4.0

Action                   |  1- 3 |  4- 6 |  7- 9 || total
-------------------------+-------+-------+-------++-------
Melee: War axe           |    66 |   158 |    88 ||   312
       Tailslap          |     9 |    19 |    21 ||    49
       Broad axe         |       |       |    29 ||    29
 Abil: Rolling Charge    |    27 |    39 |    24 ||    90
  Use: Scroll            |       |    19 |     5 ||    24
       Potion            |       |       |     3 ||     3
 Stab: Paralysed         |       |       |    23 ||    23
Armor: Plate armour      |    43 |    24 |       ||    67
       Scale mail        |       |    69 |   105 ||   174
Dodge: Dodged            |    14 |    36 |    58 ||   108
Block: Buckler           |     8 |    27 |    32 ||    67

Levels and vault maps discovered:
D:1:      minmay_arrival_checkered_box, layout_rooms, serial_shops,
          nicolae_square_shop, minmay_misc_feat_pillars
D:2:      minmay_evil_eye, layout_basic, serial_shops, shop, uniq_jessica
D:3:      layout_basic, uniq_ijyb
D:4:      wad_river_or_something, layout_loops_ring,
          gammafunk_temple_overflow_arena, lemuel_crystal_altar, serial_shops,
          nicolae_shop_statue_plus, hangedman_decor_slide_cut
D:5:      layout_loops_ring, minmay_temple_entry_butterflies,
          gammafunk_ghost_gnarly_gnolls, uniq_crazy_yiuf_cottage, uniq_edmund
D:6:      nicolae_whirlpool, layout_rooms, serial_bayou_ford_a
D:7:      layout_cave_pools
D:8:      layout_basic, due_lair_maze_entry_diamond, special_room
          [special_room_orc]
Temple:   nicolae_temple_two_arcs

Notes
Turn   | Place    | Note
-------+----------+-------------------------------------------
     0 | D:1      | Sobieck the Palentonga Fighter began the quest for the Orb.
     0 | D:1      | Reached XP level 1. HP: 19/19 MP: 1/1
   164 | D:1      | Found Ifyp's Antique Weapon Emporium.
   173 | D:1      | Reached XP level 2. HP: 25/25 MP: 2/2
   261 | D:1      | You add the spells Sting, Poisonous Vapours and Olgreb's
                  | Toxic Radiance to your library.
   498 | D:2      | Noticed Jessica
   502 | D:2      | Killed Jessica
   503 | D:2      | Reached skill level 3 in Axes
   503 | D:2      | Reached XP level 3. HP: 32/32 MP: 3/3
   691 | D:2      | You pick up a book of Geomancy and begin reading...
   691 | D:2      | You add the spells Sandblast, Passwall and Stone Arrow to
                  | your library.
   715 | D:2      | Reached skill level 4 in Fighting
   878 | D:2      | Found Keetar's Assorted Antiques.
   905 | D:2      | Bought a scroll labelled GEYZXAZXUU for 24 gold pieces
   905 | D:2      | Bought a metallic pink potion for 21 gold pieces
   905 | D:2      | Bought a metallic amethyst potion for 21 gold pieces
   905 | D:2      | Bought a scroll labelled GEYZXAZXUU for 24 gold pieces
   917 | D:2      | You pick up a book of Ice and begin reading...
   917 | D:2      | You add the spells Freezing Cloud, Simulacrum and Polar
                  | Vortex to your library.
  1130 | D:2      | Reached XP level 4. HP: 39/39 MP: 4/4
  1233 | D:2      | Bought a scroll labelled KASSEJ VUUHY for 24 gold pieces
  1425 | D:3      | Identified the +5 scale mail of Miafofes {rF+ Str+2 Int+4}
  1455 | D:3      | You pick up a book of Callings and begin reading...
  1455 | D:3      | You add the spells Summon Small Mammal, Call Canine
                  | Familiar and Summon Guardian Golem to your library.
  1496 | D:3      | Reached XP level 5. HP: 41/46 MP: 5/5
  1648 | D:3      | Reached skill level 4 in Axes
  1834 | D:3      | Noticed Ijyb
  1846 | D:3      | Killed Ijyb
  2038 | D:4      | Found a transporter.
  2040 | D:4      | Found a stormy altar of Qazlal.
  2042 | D:4      | Found a transporter.
  2042 | D:4      | Found a sparkling altar of Nemelex Xobeh.
  2043 | D:4      | Found a shadowy altar of Dithmenos.
  2101 | D:4      | Noticed a phantom
  2104 | D:4      | Killed a phantom
  2105 | D:4      | Reached skill level 5 in Fighting
  2205 | D:4      | Reached XP level 6. HP: 54/54 MP: 6/6
  2206 | D:4      | Reached skill level 5 in Axes
  2269 | D:4      | Found an ornate altar of the Wu Jian Council.
  2590 | D:4      | Found Gitacroc's Assorted Antiques.
  2605 | D:4      | Bought a scroll labelled LAIXIU NUASTUG for 29 gold pieces
  2605 | D:4      | Bought a scroll labelled ELIDIG DIJI for 29 gold pieces
  2605 | D:4      | Acquired 464 gold pieces
  2903 | D:5      | Entered Level 5 of the Dungeon
  2919 | D:5      | You pick up a book of Blood and begin reading...
  2919 | D:5      | You add the spells Sublimation of Blood, Wereblood and
                  | Summon Hydra to your library.
  2923 | D:5      | Found a staircase to the Ecumenical Temple.
  2934 | Temple   | Entered the Ecumenical Temple
  2939 | Temple   | Gained mutation: You curl defensively after being hit. (AC
                  | +7*) [Palentonga growth]
  2939 | Temple   | Reached XP level 7. HP: 58/60 MP: 7/7
  2950 | Temple   | Became a worshipper of Uskayaw the Reveller
  2988 | D:5      | Noticed Edmund
  2992 | D:5      | Reached * piety under Uskayaw
  2995 | D:5      | Reached ** piety under Uskayaw
  3001 | D:5      | Reached *** piety under Uskayaw
  3003 | D:5      | Reached skill level 6 in Fighting
  3003 | D:5      | Reached skill level 6 in Axes
  3006 | D:5      | Killed Edmund
  3006 | D:5      | Reached **** piety under Uskayaw
  3247 | D:5      | Found a transporter.
  3254 | D:5      | Identified the +2 spear of War {venom, Will+ Str+10}
  3315 | D:5      | Found a transporter.
  3425 | D:5      | Reached skill level 7 in Axes
  3557 | D:5      | Found a runed translucent door.
  3558 | D:5      | Noticed Crazy Yiuf
  3924 | D:6      | Reached skill level 8 in Axes
  3924 | D:6      | Reached XP level 8. HP: 56/68 MP: 8/8
  4000 | D:6      | Reached skill level 1 in Invocations
  4001 | D:6      | Reached skill level 3 in Shields
  4003 | D:6      | Reached ***** piety under Uskayaw
  4006 | D:6      | Reached skill level 3 in Armour
  4006 | D:6      | Reached skill level 2 in Invocations
  4619 | D:7      | Reached skill level 3 in Invocations
  4784 | D:7      | Reached skill level 4 in Shields
  4784 | D:7      | Reached XP level 9. HP: 41/75 MP: 11/11
  5124 | D:7      | Reached skill level 7 in Fighting
  5648 | D:8      | Noticed a komodo dragon
  5650 | D:8      | Reached skill level 4 in Armour
  5650 | D:8      | Reached skill level 4 in Invocations
  5652 | D:8      | Found a staircase to the Lair.
  5655 | D:8      | HP: 18/77 [komodo dragon (11)]
  5657 | D:8      | HP: 1/77 [komodo dragon (10)]
  5658 | D:8      | Mangled by a komodo dragon

Vanquished Creatures
  Edmund (D:5)
  A water moccasin (D:8)
  2 sky beasts
  2 black bears (D:6)
  2 ice beasts (D:5)
  An orc warrior (D:7)
  3 phantoms
  A centaur (D:5)
  A kobold brigand (D:7)
  5 bullfrogs
  A scorpion (D:8)
  5 killer bees (D:7)
  A howler monkey (D:5)
  An orc priest (D:6)
  A gnoll bouda (D:7)
  6 hounds
  3 iguanas
  Jessica (D:2)
  4 orc wizards
  Ijyb (D:3)
  6 gnolls
  5 adders
  A shadow imp (D:7)
  2 white imps
  2 worms
  2 dart slugs
  24 orcs
  8 ball pythons
  9 endoplasms
  5 giant cockroaches
  9 hobgoblins
  4 jackals (D:4)
  10 kobolds
  4 quokkas
  8 bats
  2 frilled lizards
  10 goblins
  9 rats
  A butterfly (D:5)
164 creatures vanquished.

Vanquished Creatures (others)
  44 fungi (D:8)
  45 plants
89 creatures vanquished.

Grand Total: 253 creatures vanquished

Table legend:
 A = Non-vault XP
 B = Vault XP
 C = Vault XP percentage of total XP
 D = Non-vault monster count
 E = Vault monster count
 F = Vault count percentage of total count
                 A         B        C        D         E       F
            +---------+---------+-------+---------+---------+-------
      Total |    2983 |     703 |  19.1 |     144 |      19 |  11.7
            +---------+---------+-------+---------+---------+-------
        D:1 |      30 |       0 |   0.0 |      18 |       0 |   0.0
        D:2 |      23 |      47 |  67.1 |      15 |       5 |  25.0
        D:3 |     111 |      33 |  22.9 |      28 |       1 |   3.4
        D:4 |     314 |     133 |  29.8 |      25 |       9 |  26.5
        D:5 |     463 |     173 |  27.2 |      11 |       1 |   8.3
        D:6 |     724 |       0 |   0.0 |      16 |       0 |   0.0
        D:7 |    1183 |       0 |   0.0 |      25 |       0 |   0.0
        D:8 |     100 |     317 |  76.0 |       5 |       3 |  37.5
     Temple |      35 |       0 |   0.0 |       1 |       0 |   0.0
            +---------+---------+-------+---------+---------+-------

Illustrated notes

Table legend:
 A = Kills in this place as a percentage of kills in entire the game.
 B = Kills by you in this place as a percentage of kills by you in the entire game.
 C = Kills by friends in this place as a percentage of kills by friends in the entire game.
 D = Other kills in this place as a percentage of other kills in the entire game.
 E = Experience gained in this place as a percentage of experience gained in the entire game.
 F = Experience gained in this place divided by the number of levels of this place that you have seen.
                   A       B       C       D       E      F
               +-------+-------+-------+-------+-------+----------------------
         Total | 100.0 | 100.0 |   N/A |   N/A | 100.0 | 409.6
       Dungeon |  99.4 |  99.4 |   N/A |   N/A |  99.1 | 456.4
        Temple |   0.6 |   0.6 |   N/A |   N/A |   0.9 |  35.0
               +-------+-------+-------+-------+-------+----------------------

Table legend: (Time is in decaauts)
 A = Elapsed time spent in this place.
 B = Non-inter-level travel time spent in this place.
 C = Inter-level travel time spent in this place.
 D = Time resting spent in this place.
 E = Time spent auto-exploring this place.
 F = Levels seen in this place.
 G = Mean time per level.
                   A        B        C        D        E       F      G
               +--------+--------+--------+--------+--------+-----+--------+
         Total |   5749 |   5504 |    245 |    799 |   3741 |   9 |  638.8 |
       Dungeon |   5723 |   5486 |    237 |    799 |   3741 |   8 |  715.4 |
        Temple |     25 |     17 |      8 |      0 |      0 |   1 |   25.0 |
               +--------+--------+--------+--------+--------+-----+--------+

Top non-repeatable levels by time:
     D:5: 1059 daAuts
     D:4: 913 daAuts
     D:7: 842 daAuts
     D:3: 800 daAuts
     D:2: 759 daAuts
     D:6: 607 daAuts
     D:1: 503 daAuts
     D:8: 237 daAuts
  Temple: 25 daAuts
